 Dungeon Crawl Stone Soup version 0.21-a0-509-gecc5317 (webtiles) character file.

52 Gildeon the Magician (level 3, -3/28 HPs)
             Began as a Demigod Earth Elementalist on Dec 1, 2017.
             Slain by Laiders's ghost (6 damage)
             ... on level 3 of the Dungeon.
             The game lasted 00:13:23 (1931 turns).

Gildeon the Magician (Demigod Earth Elementalist)   Turns: 1931, Time: 00:13:23

Health: -3/28      AC:  3    Str: 11    XL:     3   Next: 39%
Magic:  6/10       EV: 12    Int: 21    God:
Gold:   166        SH:  0    Dex: 16    Spells: 2/8 levels left

rFire    . . .     SeeInvis .   i - +1 dagger
rCold    . . .     Gourm    .   (no shield)
rNeg     . . .     Faith    .   m - +0 leather armour
rPois    .         Spirit   .   (helmet restricted)
rElec    .         Reflect  .   (no cloak)
rCorr    .         Harm     .   (no gloves)
MR       .....                  (no boots)
Stlth    ++........             (no amulet)
HPRegen  0.09/turn              (no ring)
MPRegen  0.12/turn              (no ring)

@: very slightly contaminated
A: claws 1, horns 1, high mp 1, robust 1, MP-powered wands
a: no special abilities


You were on level 3 of the Dungeon.
You were not hungry.

You visited 1 branch of the dungeon, and saw 3 of its levels.

You collected 166 gold pieces.

Inventory:

Hand Weapons
 i - a +1 dagger (weapon)
Missiles
 b - 5 stones (quivered)
 g - a throwing net
Armour
 m - a +0 leather armour (worn)
Potions
 c - a potion of haste {unknown}
 k - a potion of berserk rage {unknown}
Books
 e - a book of Geomancy

   Spells                             Type                      Level
   a - Sandblast                      Earth                        1
   b - Passwall                       Transmutation/Earth          2
   c - Stone Arrow                    Conjuration/Earth            3
   d - Petrify                        Transmutation/Earth          4
   e - Lee's Rapid Deconstruction     Earth                        5
Comestibles
 j - a meat ration
 l - a royal jelly


   Skills:
 - Level 1.7 Dodging
 - Level 1.7 Stealth
 + Level 3.4 Spellcasting
 - Level 0.8 Transmutations
 - Level 2.6 Earth Magic


You had 2 spell levels left.
You knew the following spells:

 Your Spells              Type           Power        Failure   Level  Hunger
a - Sandblast             Erth           ##....       5%          1    None
b - Passwall              Tmut/Erth      ##........   12%         2    ##.....
c - Stone Arrow           Conj/Erth      #.....       28%         3    ###....


Dungeon Overview and Level Annotations

Branches:
Dungeon (3/15)

Annotations:
D:3 Laiders's ghost, amateur DrTm


Innate Abilities, Weirdness & Mutations

You have an increased reservoir of magic. (+10% MP)
You have sharp fingernails.
You have a pair of small horns on your head.
You are robust. (+10% HP)
You expend magic power (3 MP) to strengthen your wands.


Message History

You hit Laiders's ghost but do no damage.
Laiders's ghost is lightly damaged.
Laiders's ghost hits you.
You barely miss Laiders's ghost. You headbutt Laiders's ghost.
Laiders's ghost is lightly damaged.
Laiders's ghost barely misses you.
You hit Laiders's ghost but do no damage.
Laiders's ghost is lightly damaged.
Laiders's ghost hits you.
* * * LOW HITPOINT WARNING * * *
You barely miss Laiders's ghost.
Laiders's ghost is lightly damaged.
Laiders's ghost hits you but does no damage.
You hit Laiders's ghost but do no damage.
Laiders's ghost is lightly damaged.
Laiders's ghost barely misses you.
You barely miss Laiders's ghost. Your headbutt misses Laiders's ghost.
Laiders's ghost is lightly damaged.
Laiders's ghost hits you.
You die...

#.# #.# ### ######.# #..
#......# #.# #.####.# ##
#.### #.# #.# .# ##...##
#.# #.# .# #.....######.##
#.###.# #....<@.......#
#[..... #..†.W######..#
####..$
#####...#######..####.....
)..........g.W.............
........########.#####.....
#######.# #.# .##... #.#
#.. .# #... #.# ###### ##.#
#.# ##


You could see Laiders's ghost.

Vanquished Creatures
  An adder (D:3)
  7 bats
  4 giant cockroaches (D:1)
  6 goblins
  3 hobgoblins (D:1)
  3 jackals (D:1)
  5 kobolds (D:1)
  A ball python (D:1)
  4 frilled lizards
  7 rats (D:1)
41 creatures vanquished.

Notes
Turn   | Place    | Note
-------+----------+-------------------------------------------
     0 | D:1      | Gildeon the Demigod Earth Elementalist began the quest for the Orb.
     0 | D:1      | Reached XP level 1. HP: 14/14 MP: 5/5
   135 | D:1      | Reached skill level 2 in Spellcasting
   270 | D:1      | Reached XP level 2. HP: 20/20 MP: 6/8
   326 | D:1      | Learned a level 2 spell: Passwall
   502 | D:1      | Gained mutation: You expend magic power (3 MP) to strengthen your wands. [potion of mutation]
   502 | D:1      | Gained mutation: You have sharp fingernails. [potion of mutation]
   502 | D:1      | Gained mutation: You are robust. (+10% HP) [potion of mutation]
   502 | D:1      | Gained mutation: You have a pair of small horns on your head. [potion of mutation]
   752 | D:1      | Reached skill level 3 in Spellcasting
   817 | D:1      | Reached XP level 3. HP: 28/28 MP: 3/10
   822 | D:1      | Learned a level 3 spell: Stone Arrow
  1243 | D:3      | Noticed Laiders's ghost (amateur DrTm)
  1931 | D:3      | Slain by Laiders's ghost

Vault maps used:
D:1:      dpeg_arrival_rooms_b, minmay_pentomino_w4
D:2:      lemuel_upstairs_altar
D:3:      grunt_nemelex_the_gamble, uniq_terence

Skill      XL: |  1  2 |
---------------+-------+-----
Spellcasting   | 2 3 |  3.4
Dodging        | |  1.7
Stealth        | |  1.7
Transmutations | |  0.8
Earth Magic    | |  2.6

Action                   || total
-------------------------++-------
Melee: Dagger            ||    32
       Headbutt          ||     5
 Cast: Sandblast         ||    59
       Stone Arrow       ||     3
  Use: Scroll            ||     6
       Potion            ||     2
  Eat: Bread ration      ||     1
Armor: Robe              ||     3
       Leather armour    ||    20
Dodge: Dodged            ||    62

Table legend:
 A = Spawn XP
 B = Non-spawn XP
 C = Spawn XP percentage of total XP
 D = Spawn monster count
 E = Non-spawn monster count
 F = Spawn count percentage of total count
 G = Total turns spent on level
                    A         B        C        D         E        F      G
               +---------+---------+-------+---------+---------+-------+---------
         Total |       0 |      75 |   0.0 |       0 |      41 |   0.0 |  1931
               +---------+---------+-------+---------+---------+-------+---------
           D:1 |       0 |      56 |   0.0 |       0 |      36 |   0.0 |  1055
           D:3 |       0 |      19 |   0.0 |       0 |       5 |   0.0 |   132
               +---------+---------+-------+---------+---------+-------+---------
